 Dungeon Crawl Stone Soup version 0.19-a0-1626-g5215c36 (webtiles) character file.

7944 sveltemanboy the Carver (level 11, -21/106 HPs)
             Began as a Demonspawn Gladiator on Sept 18, 2016.
             Was a High Priest of Hepliaklqana.
             Demolished by an orc warrior
             ... wielding a +0 glaive
              (32 damage)
             ... in a bailey.
             The game lasted 00:29:28 (8666 turns).

sveltemanboy the Carver (Demonspawn Gladiator)      Turns: 8666, Time: 00:29:30

Health: -21/106    AC: 15    Str: 23    XL:     11   Next: 3%
Magic:  26/26      EV: 15    Int: 11    God:    Hepliaklqana [*****.]
Gold:   736        SH:  0    Dex: 13    Spells: 0 memorised, 10 levels left

rFire  . . .     SeeInvis .     a - +1 long sword (freeze)
rCold  . . .     Gourm    .     n - +0 scale mail
rNeg   . . .     Faith    .     (no shield)
rPois  +         Spirit   .     (helmet restricted)
rElec  .         Dismiss  .     c - +2 cloak "Sucewab" {+Fly rPois MR+}
rCorr  .         Reflect  .     (no gloves)
MR     +....     Harm     .     y - +1 pair of boots
Stlth  ..........               (no amulet)
                                D - +3 ring of protection
                                G - ring of magical power

@: berserking, very slightly contaminated, hasted, very quick
A: reduced essence, horns 2, repulsion field 2, nightstalker 1, screaming 1,
spiny 1
a: Recall Ancestor, Ancestor Identity, Transference, Idealise, Renounce
Religion, Evoke Flight


You were in a bailey.
You worshipped Hepliaklqana.
Hepliaklqana was extremely pleased with you.
You were hungry.

You visited 1 branch of the dungeon, and saw 10 of its levels.
You also visited: Bailey.

You collected 736 gold pieces.

Inventory:

Hand Weapons
 a - a +1 long sword of freezing (weapon)
 r - a +0 blowgun
 x - a +2 falchion of electrocution
Missiles
 d - 4 throwing nets
 p - 259 stones (quivered)
 w - 52 poisoned needles
Armour
 c - the +2 cloak "Sucewab" (worn) {+Fly rPois MR+}
   (You acquired it on level 10 of the Dungeon)

   It protects you from poison.
   It affects your resistance to hostile enchantments.
   It lets you fly.
 n - a +0 scale mail (worn)
 y - a +1 pair of boots (worn)
Jewellery
 D - a +3 ring of protection (right hand)
 G - a ring of magical power (left hand)
Wands
 l - a wand of paralysis (10/24)
 B - a wand of digging (13/24)
 H - a wand of confusion (27/48)
 K - a wand of flame (39/48)
Scrolls
 b - 8 scrolls of identify
 i - 2 scrolls of remove curse
 z - 3 scrolls of teleportation
 C - a scroll of enchant armour
 F - 4 scrolls of enchant weapon
Potions
 g - 8 potions of curing
 j - 2 potions of ambrosia
 k - 3 potions of flight
 o - a potion of agility
 t - 3 potions of resistance
 v - 5 potions of brilliance
 E - a potion of berserk rage
 J - a potion of invisibility {unknown}
Comestibles
 f - 3 bread rations
 h - 3 beef jerkies
 q - 29 fruits
 s - 4 meat rations


   Skills:
 + Level 5.1 Fighting
 * Level 12.4 Long Blades
 - Level 1.7 Throwing
 - Level 4.1 Armour
 - Level 5.1 Dodging
 - Level 8.0 Invocations


You had 10 spell levels left.
You didn't know any spells.

Dungeon Overview and Level Annotations

Branches:
Dungeon (10/15)            Temple (0/1) D:4            Lair (0/6) D:10
    Orc: D:9-12

Altars:
Cheibriados
Dithmenos
Gozag
Hepliaklqana
Makhleb
Qazlal
Trog

Shops:
D:9 *

Annotations:
D:7 exclusion: oklob plant


Innate Abilities, Weirdness & Mutations

You have a pair of horns on your head.
You are surrounded by a moderate repulsion field. (EV +3)
You are slightly more attuned to the shadows.
You are partially covered in sharp spines.
Your life essence is reduced. (-10% HP)
You occasionally shout uncontrollably at your foes.


Message History

You freeze the orc warrior. You headbutt the orc warrior.
The orc warrior is moderately wounded.
You hit the orc knight. You freeze the orc knight. You headbutt the orc knight!
You kill the orc knight!
You have reached level 11!
Your demonic ancestry asserts itself...
The horns on your head grow some more.
You hit the orc warrior. You freeze the orc warrior.
The orc warrior is severely wounded.
The gnoll closely misses you. The gnoll is struck by your spines.
The gnoll misses you.
You riposte.
You slice the gnoll!! You freeze the gnoll.
You kill the gnoll!
The gnoll's corpse dissolves into shadows!
You closely miss the orc warrior. Your headbutt misses the orc warrior.
The orc warrior is severely wounded.
The orc warrior closely misses you.
You riposte.
You hit the orc warrior. You freeze the orc warrior.
You headbutt the orc warrior.
The orc warrior is almost dead.
The orc warrior hits you from afar with a glaive!!
You die...

## ############ .##
##...oogg@o§##
..######...)gggo§o§§#
..#...)#)).)oggoo§§.#
o.'...)).)))..o)§§.∩#
..#....#)))...g.))..#
..######........)...#
.## ##........∩.## ##
############


You could see 2 orc warriors, an orc priest, 4 gnolls and 2 orcs.

Vanquished Creatures
  Pikel (D:5)
  An orc knight (Bailey)
  Prince Ribbit (D:5)
  A meliai zombie (D:6)
  A wyvern (D:10)
  A yak (D:10)
  A steam dragon (D:9)
  7 orc warriors
  2 black bears (D:8)
  2 ice beasts
  2 sky beasts
  A necrophage (D:9)
  2 centaurs
  3 ogres
  2 phantoms
  A big kobold (D:9)
  2 bullfrogs
  4 killer bees (D:10)
  A howler monkey (D:10)
  2 crimson imps
  A bullfrog zombie (D:5)
  An orc priest (D:10)
  A hound (D:9)
  4 jellies
  2 orc wizards
  2 iguanas
  Terence (D:2)
  3 worker ants
  A killer bee zombie (D:8)
  A hound skeleton (D:7)
  11 adders
  A gnoll (D:1)
  A howler monkey skeleton (D:4)
  A river rat (D:10)
  4 oozes (D:7)
  An adder skeleton (D:5)
  2 worms
  2 dart slugs
  5 leopard geckos
  23 orcs
  4 giant cockroaches
  11 goblins
  11 hobgoblins
  6 jackals
  10 kobolds
  4 quokkas
  12 bats
  6 frilled lizards
  A quokka skeleton (D:9)
  9 rats
180 creatures vanquished.

Vanquished Creatures (collateral kills)
  2 orc knights (Bailey)
  Joseph (D:7)
  A wraith (D:10)
  A steam dragon (D:7)
  4 orc warriors (Bailey)
  A slave (D:5)
  A necrophage (D:9)
  2 centaurs
  An ogre (D:7)
  A bullfrog (D:7)
  3 scorpions
  A killer bee (D:10)
  A howler monkey (D:10)
  A crimson imp (D:5)
  3 jellies (D:7)
  3 hounds
  4 orc wizards
  3 orc priests
  2 iguanas
  6 worker ants
  A hound skeleton (D:10)
  An adder (D:3)
  8 oozes (D:7)
  An adder zombie (D:5)
  3 worms
  3 leopard geckos
  31 orcs
  A jackal (D:5)
  A frilled lizard (D:4)
  A rat (D:3)
93 creatures vanquished.

Vanquished Creatures (others)
  A sky beast (D:5)
  A quasit (D:5)
  An orc wizard (D:5)
  4 battlemagi
  An ancestor (D:2)
  A bat (D:2)
  7 fungi
  2 plants (D:10)
18 creatures vanquished.

Grand Total: 291 creatures vanquished

Notes
Turn   | Place    | Note
-------+----------+-------------------------------------------
     0 | D:1      | sveltemanboy the Demonspawn Gladiator began the quest for the Orb.
     0 | D:1      | Reached XP level 1. HP: 16/16 MP: 1/1
   281 | D:1      | Reached skill level 3 in Long Blades
   281 | D:1      | Gained mutation: You are partially covered in sharp spines. [demonic ancestry]
   281 | D:1      | Reached XP level 2. HP: 11/22 MP: 2/2
   470 | D:1      | Reached skill level 1 in Armour
   722 | D:1      | Reached XP level 3. HP: 27/27 MP: 3/3
  1345 | D:2      | Found a hazy altar of Hepliaklqana.
  1378 | D:2      | Became a worshipper of Hepliaklqana
  1621 | D:2      | Reached skill level 4 in Long Blades
  1621 | D:2      | Gained mutation: You are surrounded by a mild repulsion field. (EV +2) [demonic ancestry]
  1621 | D:2      | Reached XP level 4. HP: 20/29 MP: 4/4
  1824 | D:2      | Noticed Terence
  1835 | D:2      | Killed Terence
  1835 | D:2      | Reached skill level 1 in Invocations
  2263 | D:3      | Reached XP level 5. HP: 29/34 MP: 6/6
  2396 | D:3      | Reached * piety under Hepliaklqana
  2569 | D:3      | Reached skill level 5 in Long Blades
  2641 | D:3      | Found a stormy altar of Qazlal.
  2648 | D:3      | Reached XP level 6. HP: 35/39 MP: 8/8
  3375 | D:4      | Found a staircase to the Ecumenical Temple.
  3386 | D:4      | Reached ** piety under Hepliaklqana
  3387 | D:4      | Remembered your ancestor Sander as a battlemage
  3646 | D:5      | Entered Level 5 of the Dungeon
  3647 | D:5      | Noticed a slave
  3648 | D:5      | Noticed Pikel
  3649 | D:5      | Noticed a slave
  3650 | D:5      | Noticed a slave
  3738 | D:5      | Noticed Prince Ribbit
  3941 | D:5      | Killed a slave
  3942 | D:5      | Noticed a slave
  3946 | D:5      | Killed Pikel
  3946 | D:5      | Reached skill level 6 in Long Blades
  3946 | D:5      | Gained mutation: You are surrounded by a moderate repulsion field. (EV +3) [demonic ancestry]
  3946 | D:5      | Reached XP level 7. HP: 37/45 MP: 8/10
  4016 | D:5      | Killed Prince Ribbit
  4016 | D:5      | Reached skill level 7 in Long Blades
  4016 | D:5      | Reached skill level 5 in Invocations
  4016 | D:5      | Gained mutation: You have a pair of small horns on your head. [demonic ancestry]
  4016 | D:5      | Reached XP level 8. HP: 34/50 MP: 10/12
  4527 | D:5      | Reached skill level 8 in Long Blades
  4592 | D:5      | Reached *** piety under Hepliaklqana
  4830 | D:6      | Gained mutation: Your spells are a little easier to cast, but a little less powerful. [mutagenic meat]
  4833 | D:6      | Gained mutation: You occasionally shout uncontrollably at your foes. [mutagenic meat]
  4836 | D:6      | Gained mutation: You sometimes yell uncontrollably at your foes. [mutagenic meat]
  4839 | D:6      | Gained mutation: You are surrounded by a strong repulsion field. (EV +4, RMsl) [mutagenic meat]
  5214 | D:6      | Gained mutation: You are slightly more attuned to the shadows. [demonic ancestry]
  5214 | D:6      | Reached XP level 9. HP: 54/54 MP: 14/14
  5294 | D:7      | Noticed Joseph
  5307 | D:7      | Killed Joseph
  5307 | D:7      | Reached skill level 9 in Long Blades
  5553 | D:7      | Found an opulent altar of Gozag.
  5653 | D:7      | Gained mutation: You frequently scream uncontrollably at your foes. [mutagenic meat]
  5656 | D:7      | Gained mutation: You are somewhat resistant to further mutation. [mutagenic meat]
  5815 | D:7      | Reached **** piety under Hepliaklqana
  5900 | D:7      | Noticed an oklob plant
  6137 | D:7      | Reached skill level 10 in Long Blades
  6283 | D:8      | Lost mutation: Your spells are a little easier to cast, but a little less powerful. [potion of cure mutation]
  6283 | D:8      | Lost mutation: You are somewhat resistant to further mutation. [potion of cure mutation]
  6283 | D:8      | Lost mutation: You frequently scream uncontrollably at your foes. [potion of cure mutation]
  6283 | D:8      | Lost mutation: You are surrounded by a strong repulsion field. (EV +4, RMsl) [potion of cure mutation]
  6283 | D:8      | Lost mutation: You sometimes yell uncontrollably at your foes. [potion of cure mutation]
  6398 | D:8      | Found a bloodstained altar of Trog.
  6757 | D:8      | Found a burning altar of Makhleb.
  6878 | D:9      | Reached XP level 10. HP: 63/63 MP: 16/16
  6964 | D:9      | Found Zioroah's Assorted Antiques.
  7087 | D:9      | Found a shadowy altar of Dithmenos.
  7318 | D:9      | Reached skill level 11 in Long Blades
  7356 | D:9      | Reached ***** piety under Hepliaklqana
  7361 | D:9      | Found a snail-covered altar of Cheibriados.
  7622 | D:10     | Entered Level 10 of the Dungeon
  7647 | D:10     | Identified a scroll of acquirement
  7648 | D:10     | Got a pitted cloak
  7659 | D:10     | Identified the +2 cloak "Sucewab" {+Fly rPois MR+} (You acquired it on level 10 of the Dungeon)
  7788 | D:10     | Found a staircase to the Lair.
  7899 | D:10     | Found a flagged portal.
  7912 | Bailey   | Entered a bailey
  8030 | Bailey   | Reached skill level 5 in Dodging
  8248 | Bailey   | Noticed an orc knight
  8447 | Bailey   | Noticed an orc knight
  8490 | Bailey   | Killed an orc knight
  8490 | Bailey   | Reached skill level 12 in Long Blades
  8500 | Bailey   | Killed an orc knight
  8505 | Bailey   | Reached skill level 5 in Fighting
  8605 | Bailey   | Noticed an orc knight
  8664 | Bailey   | Killed an orc knight
  8664 | Bailey   | Gained mutation: You have a pair of horns on your head. [demonic ancestry]
  8664 | Bailey   | Reached XP level 11. HP: 11/71 MP: 17/17
  8666 | Bailey   | Demolished by an orc warrior

Vault maps used:
D:1:      kennysheep_arrival_forest, roderic_roman_lattice
D:2:      lemuel_doored_altar, lemuel_flame_loot_1, uniq_terence
D:3:      nicolae_overflow_crystal_walls, serial_corexii_hall,
          corexii_hall_statues_u, corexii_hall_statues_i, first_bread
D:5:      minivault_24, uniq_pikel, uniq_prince_ribbit1
D:6:      minmay_stone_trees_small
D:7:      lemuel_slime, kennysheep_mini, uniq_joseph
D:8:      trog_ov_bears_minmay, overflow_temple_1_default
D:9:      minmay_klotski, nicolae_dithmenos_through_a_glass_darkly,
          marbit_many_paths, serial_shops, shop, blue_anna_alchemist
D:10:     due_lair_maze_entry_diamond, enter_bailey_3
Bailey:   bailey_polearm_5, bailey

Skill      XL: |  1  2  3  4  5  6  7  8  9 10 |
---------------+-------------------------------+-----
Long Blades    | 3 4 5 6 7 8 10 12 | 12.4
Armour         | 1 2 3 4 |  4.1
Invocations    | 1 2 4 5 7 8 |  8.0
Fighting       | 4 5 |  5.1
Dodging        | 3 5 |  5.1
Throwing       | |  1.7

Action                   |  1- 3 |  4- 6 |  7- 9 | 10-12 || total
-------------------------+-------+-------+-------+-------++-------
Melee: Long sword        |    85 |   136 |   160 |   146 ||   527
       Headbutt          |       |       |    36 |    29 ||    65
       Falchion          |       |       |    27 |    22 ||    49
 Fire: Blowgun           |       |       |     6 |       ||     6
Throw: Stone             |       |     4 |     7 |       ||    11
Invok: Ancestor Identity |     1 |       |       |       ||     1
       Ancestor Life: Ba |       |     1 |       |       ||     1
       Recall Ancestor   |       |       |       |     1 ||     1
Evoke: Wand              |       |       |       |     1 ||     1
  Use: Scroll            |       |       |     9 |    10 ||    19
       Potion            |       |       |     5 |     8 ||    13
 Stab: Distracted        |       |     2 |     2 |     2 ||     6
  Eat: Chunk             |     2 |     7 |    17 |     5 ||    31
Armor: Leather armour    |     7 |       |       |       ||     7
       Scale mail        |    20 |    29 |    35 |    48 ||   132
Dodge: Dodged            |    38 |    60 |    79 |   119 ||   296
       Deflected         |       |       |     2 |       ||     2
